 Dungeon Crawl Stone Soup version 0.24-a0-507-g3e8b2426 (webtiles) character file.

Game seed: 11734165557581132173

107 DinnerBoy7 the Shield-Bearer (level 4, 0/41 HPs)
             Began as a Minotaur Fighter on July 18, 2019.
             Slain by a water moccasin (3 damage)
             ... on level 2 of the Dungeon.
             The game lasted 00:03:46 (1359 turns).

DinnerBoy7 the Shield-Bearer (Minotaur Fighter)     Turns: 1359, Time: 00:03:46

Health: 0/41       AC:  7    Str: 22    XL:     4   Next: 57%
Magic:  3/3        EV:  8    Int:  5    God:
Gold:   68         SH:  9    Dex:  9    Spells: 3/3 levels left

rFire    . . .     SeeInvis +   a - +0 long sword
rCold    . . .     Gourm    .   c - +0 shield
rNeg     . . .     Faith    .   b - +0 scale mail
rPois    .         Spirit   .   (helmet restricted)
rElec    .         Reflect  .   (no cloak)
rCorr    .         Harm     .   (no gloves)
MR       .....                  (no boots)
Stlth    ..........             (no amulet)
HPRegen  0.13/turn              o - ring of see invisible
MPRegen  0.08/turn              (no ring)

@: lethally poisoned (0 -> -22)
A: retaliatory headbutt, horns 2
a: no special abilities


You were on level 2 of the Dungeon.
You were not hungry.

You visited 1 branch of the dungeon, and saw 2 of its levels.

You collected 68 gold pieces.

Inventory:

Hand Weapons
 a - a +0 long sword (weapon)
Armour
 b - a +0 scale mail (worn)
 c - a +0 shield (worn)
Jewellery
 o - a ring of see invisible (left hand)
Scrolls
 g - 3 scrolls of enchant weapon {unknown}
 h - 2 scrolls of remove curse {unknown}
 k - 2 scrolls of identify {unknown}
 n - 2 scrolls of blinking {unknown}
 p - a scroll of amnesia {unknown}
Potions
 d - a potion of might
 e - a potion of flight {unknown}
 i - a potion of brilliance {unknown}
 j - a potion of degeneration {unknown}
 l - a potion of heal wounds {unknown}
 m - 2 potions of curing {unknown}
 q - a potion of cancellation {unknown}
Comestibles
 f - 4 rations


   Skills:
 + Level 4.4 Fighting
 + Level 3.7 Long Blades
 + Level 4.0 Armour
 + Level 0.6 Dodging
 + Level 4.8 Shields


You had 3 spell levels left.
You didn't know any spells.
Your spell library was empty.

Dungeon Overview and Level Annotations

Branches:
Dungeon (2/15)

Altars:


Innate Abilities, Weirdness & Mutations

You reflexively headbutt those who attack you in melee.
You have a pair of horns on your head.


Message History

You block the water moccasin's attack.
Your shield and scale mail prevent you from hitting the water moccasin.
The water moccasin is heavily wounded.
You feel sick. The water moccasin bites you.
* * * LOW HITPOINT WARNING * * *
You block the water moccasin's attack.
You barely miss the water moccasin.
The water moccasin is heavily wounded.
* * * LOW HITPOINT WARNING * * *
You feel sick. You block the water moccasin's attack.
The water moccasin bites you.
* * * LOW HITPOINT WARNING * * *
You are more poisoned.
The water moccasin poisons you!
Your scale mail prevents you from hitting the water moccasin.
The water moccasin is heavily wounded.
* * * LOW HITPOINT WARNING * * *
You feel very sick. The water moccasin bites you.
You die...

#..... ########## +..... #
#....^...# #....
#.##........###.... ##########
.................# .........#
#.........#####.#
########.#######S#.#.........#.##
................@...).........<..
########.###########.###.###.###.
## #.# #######.# #.# #...#†
.#######.#####.......# #.# ###.#.
..))..............######+#####.#.
.#######.#####+##..#.........# #.
.# #..........#.#........## ## .#
#..........#.#...<....# ##
#.(........#..........#


You could see a water moccasin.

Vanquished Creatures
  4 adders (D:2)
  An ooze (D:2)
  A worm (D:2)
  A dart slug (D:1)
  4 leopard geckos
  2 ball pythons (D:1)
  4 bats (D:2)
  3 giant cockroaches
  6 goblins
  6 hobgoblins
  6 jackals (D:1)
  4 frilled lizards
  9 kobolds
  6 rats
57 creatures vanquished.

Notes
Turn   | Place    | Note
-------+----------+-------------------------------------------
     0 | D:1      | DinnerBoy7 the Minotaur Fighter began the quest for the
                  | Orb.
     0 | D:1      | Reached XP level 1. HP: 19/19 MP: 0/0
   243 | D:1      | Reached XP level 2. HP: 26/27 MP: 1/1
   523 | D:1      | Reached XP level 3. HP: 30/33 MP: 2/2
  1006 | D:2      | Reached XP level 4. HP: 41/41 MP: 3/3
  1347 | D:2      | Noticed a water moccasin
  1359 | D:2      | Slain by a water moccasin

Levels and vault maps discovered:
D:1:      scummos_arrival_hexagon, layout_loops_ring, minivault_5,
          minmay_tromino_v2
D:2:      layout_basic, nicolae_ru_the_path_less_chosen, first_ration,
          minmay_bisected

Skill      XL: |  1  2  3 |
---------------+----------+-----
Shields        | 4 |  4.8
Fighting       | 4 |  4.4
Long Blades    | 3 |  3.7
Armour         | 4 |  4.0
Dodging        | |  0.6

Action                   |  1- 3 |  4- 6 || total
-------------------------+-------+-------++-------
Melee: Long sword        |   100 |    51 ||   151
       Headbutt          |    11 |    13 ||    24
  Eat: Ration            |       |     1 ||     1
Armor: Scale mail        |    51 |    32 ||    83
Dodge: Dodged            |    32 |    19 ||    51
Block: Shield            |    66 |    41 ||   107
       Rpst.: Long sword |     7 |     5 ||    12

Table legend:
 A = Non-vault XP
 B = Vault XP
 C = Vault XP percentage of total XP
 D = Non-vault monster count
 E = Vault monster count
 F = Vault count percentage of total count
                 A         B        C        D         E       F
            +---------+---------+-------+---------+---------+-------
      Total |     148 |       6 |   3.9 |      53 |       4 |   7.0
            +---------+---------+-------+---------+---------+-------
        D:1 |      49 |       2 |   3.9 |      28 |       2 |   6.7
        D:2 |      99 |       4 |   3.9 |      25 |       2 |   7.4
            +---------+---------+-------+---------+---------+-------
